AoeStats
← MrBunnyKebab

Nomad

503806637Analyzed
3v3 RM · 1mo ago on Sep 2, 2026· 56m 38s· 6 players
Game mode
Random Map
Map size
210×210
Population
200
Speed
Normal
Resources
Standard
Victory
Conquest
Starting age
Dark Age
Ending age
Imperial Age
RankedLock teamsTeams togetherTeam positionsShared explorationLock speedFull tech treeHidden civsTurbo modeCheats
Victory
Defeat
🇷🇺 Sicilians · Russia
1563
+14
🇫🇷 Bulgarians · France
1448
+19
🇱🇧 Vikings · Lebanon
1408
+21
🇫🇷 Malay · France
1527
-18
🇫🇷 Gurjaras · France
1512
-18
🇫🇷 Teutons · France
1509
-18
MrBunnyKebab
6:47 Loom
15:14 Feudal Age
15:52 Double-Bit Axe
15:48 Fishing Lines
18:14 Fletching
21:45 Scale Mail Armor
26:39 Castle Age
25:56 Horse Collar
35:54 Chain Mail Armor
35:26 Arson
35:42 Squires
35:54 Forging
37:49 Wheelbarrow
39:00 Bow Saw
41:28 Bodkin Arrow
43:22 Padded Archer Armor
43:37 Scale Barding Armor
46:21 Imperial Age
44:32 Bloodlines
44:24 Husbandry
45:00 Chain Barding Armor
46:32 Iron Casting
46:29 Cavalier
48:54 Plate Barding Armor
52:46 Hand Cart
53:39 Blast Furnace
53:21 Town Watch
54:00 Heavy Plow
56:19 Siege Engineers
57:14 Chemistry
56:34 Onager
Perel
5:02 Loom
13:49 Feudal Age
17:34 Castle Age
16:45 Forging
17:29 Scale Barding Armor
18:32 Double-Bit Axe
19:27 Husbandry
19:39 Bow Saw
21:24 Bloodlines
23:26 Horse Collar
24:09 Heavy Plow
26:07 Pikeman
27:44 Scale Mail Armor
28:07 Squires
29:26 Chain Mail Armor
30:21 Iron Casting
29:33 Arson
30:29 Stone Mining
30:51 Gold Mining
31:40 Town Watch
32:31 Wheelbarrow
37:27 Imperial Age
35:37 Chain Barding Armor
35:45 Hand Cart
39:48 Plate Barding Armor
40:34 Blast Furnace
41:46 Gold Shaft Mining
41:48 Stone Shaft Mining
42:19 Stirrups
43:17 Crop Rotation
42:55 Elite Konnik
47:54 Conscription
48:50 Plate Mail Armor
48:54 Fletching
50:09 Ballistics
49:48 Bodkin Arrow
50:01 Light Cavalry
56:06 Coinage
maradoxbat
4:27 Loom
12:23 Feudal Age
15:35 Fishing Lines
18:39 Castle Age
17:22 Forging
19:23 Fletching
20:00 Medium Warships
20:24 Bodkin Arrow
21:07 Iron Casting
23:18 Bodkin Arrow
24:49 Double-Bit Axe
26:46 Gillnets
30:18 Town Watch
34:01 Imperial Age
31:40 Scale Mail Armor
32:55 Chain Mail Armor
34:49 Squires
34:34 Arson
35:35 Plate Mail Armor
35:47 Conscription
39:14 Blast Furnace
38:34 Bracer
38:54 Bow Saw
38:35 Pikeman
41:01 Hoardings
42:09 Chieftains
44:52 Two-Man Saw
44:39 Elite Skirmisher
46:12 Padded Archer Armor
46:30 Bogsveigar
48:43 Town Patrol
49:37 Elite Berserk
51:01 Horse Collar
52:07 Heavy Plow
54:23 Chemistry
53:44 Ballistics
53:32 Siege Engineers
53:42 Onager
55:07 Leather Archer Armor
55:13 Elite Longship
57:11 Masonry
56:43 Treadmill Crane
56:59 Murder Holes
57:19 Careening
TheMonkeyDonkey
6:02 Loom
13:23 Feudal Age
18:39 Gold Mining
21:10 Castle Age
19:52 Forging
20:52 Double-Bit Axe
21:27 Scale Barding Armor
23:23 Wheelbarrow
25:33 Bloodlines
31:16 Husbandry
32:03 Stone Mining
35:40 Scale Mail Armor
39:51 Imperial Age
38:02 Town Watch
44:16 Chain Barding Armor
48:06 Heavy Camel Rider
50:30 Kshatriyas
PironovskyII
5:02 Loom
13:06 Feudal Age
15:49 Double-Bit Axe
18:16 Town Watch
18:30 Town Watch
20:51 Castle Age
19:18 Forging
20:24 Wheelbarrow
19:30 Horse Collar
20:47 Medium Warships
21:52 Iron Casting
21:13 Stone Mining
26:03 Arson
26:21 Squires
31:51 Fletching
31:44 Crossbowman
37:35 Imperial Age
35:22 Bodkin Arrow
37:04 Ballistics
38:07 Bracer
39:52 Thumb Ring
42:21 Chemistry
42:39 Arbalester
45:04 Padded Archer Armor
51:39 Pikeman
53:21 Blast Furnace
52:44 Halberdier
ぴか殿
8:39 Loom
9:55 Loom
12:06 Feudal Age
16:14 Fletching
21:36 Wheelbarrow
27:39 Castle Age
26:22 Bloodlines
26:47 Scale Barding Armor
27:28 Forging
35:53 Scale Mail Armor
37:10 Chain Mail Armor
39:26 Iron Casting
44:40 Imperial Age
50:46 Hand Cart
50:17 Double-Bit Axe
53:47 Plate Mail Armor
53:54 Conscription
55:21 Squires
Connection lost

Rejoining the realm…

Still unreachable

The connection could not be restored.

Session expired

The server has moved on; the page needs a fresh start.